 Dungeon Crawl Stone Soup version 0.31-a0-620-gd1cbd99268 (webtiles) character file.

Game seed: 9039682937411146965

51 thirtiethelement the Chopper (level 3, 0/27 HPs)
             Began as a Demonspawn Gladiator on Aug 23, 2023.
             Slain by Jessica
             ... wielding a +0 club
              (1 damage)
             ... on level 3 of the Dungeon.
             The game lasted 00:02:45 (1647 turns).

thirtiethelement the Chopper (Demonspawn Gladiator) Turns: 1647, Time: 00:02:45

Health: 0/27       AC:  4    Str: 16    XL:     3   Next: 57%
Magic:  3/3        EV: 12    Int:  9    God:
Gold:   63         SH:  4    Dex: 14    Spells: 2/2 levels left

rFire   + . .        a - +0 war axe
rCold   . . .        (no shield)
rNeg    . . .        b - +0 leather armour
rPois   .            c - +0 helmet
rElec   .            (no cloak)
rCorr   .            (no gloves)
SInv    .            (no boots)
Will    .....        (no amulet)
Stlth   +            g - ring of fire
HPRegen 0.24/turn    h - ring of protection from cold
MPRegen 0.08/turn

%: no passive effects
@: no status effects
A: claws 1, large bone plates 1
a: no special abilities


You were on level 3 of the Dungeon.
You visited 1 branch of the dungeon, and saw 3 of its levels.

You collected 63 gold pieces.

Inventory:

Hand Weapons
 a - a +0 war axe (weapon)
Missiles
 e - a javelin
Armour
 b - a +0 leather armour (worn)
 c - a +0 helmet (worn)
Jewellery
 g - a ring of fire (left claw)
 h - a ring of protection from cold (right claw)
 j - a ring of fire
Scrolls
 k - a scroll of vulnerability
 l - a scroll of immolation
 m - a scroll of enchant armour
Potions
 f - a potion of might


   Skills:
 + Level 2.2 Fighting
 + Level 3.3 Axes
 + Level 2.1 Throwing
 + Level 0.7 Armour
 + Level 3.2 Dodging


You had 2 spell levels left.
You didn't know any spells.
Your spell library was empty.

Dungeon Overview and Level Annotations

Branches:
Dungeon (3/15)

Altars:

Shops:
D:1 *

Annotations:
D:3 Jessica


Innate Abilities, Weirdness & Mutations

You have sharp fingernails.
You are partially covered in large bone plates. (SH +4)


Message History

Jessica mumbles some strange words.
Jessica blinks!
You see here a throwing net.
d - a throwing net Throw: throwing net
Press: ? - help, Q - select action, (/) - cycle Shift-Dir - straight line, f/p - Jessica
Aim: Jessica, wielding a +0 club and wearing a +0 robe (fast, 57% to hit)
You throw a throwing net.
The throwing net closely misses Jessica.
Jessica barely misses you.
You closely miss Jessica. Jessica barely misses you.
You block Jessica's attack.
You closely miss Jessica. Jessica closely misses you.
Jessica barely misses you.
You hit Jessica but do no damage. You block Jessica's attack.
Jessica hits you with a +0 club!
You hit Jessica but do no damage. Jessica hits you but does no damage.
Jessica closely misses you.
You hit Jessica but do no damage.
Jessica looks very angry.
Jessica misses you. Jessica hits you with a +0 club.
You barely miss Jessica. Jessica hits you with a +0 club.
* * * LOW HITPOINT WARNING * * *
Jessica closely misses you.
You hit Jessica.
Jessica is moderately wounded.
Jessica hits you with a +0 club.
* * * LOW HITPOINT WARNING * * *
Jessica misses you.
You barely miss Jessica.
Jessica is moderately wounded.
Jessica hits you with a +0 club.
* * * LOW HITPOINT WARNING * * *
Jessica casts a spell at you. Pain shoots through your body!
* * * LOW HITPOINT WARNING * * *
You completely miss Jessica.
Jessica is moderately wounded.
Jessica hits you with a +0 club.
You die...

#######..#.#
#..#.#
#..#.#############
# #.............#
#############@#
#.# #
#######.###### .#
#.......)....# .#
#@#####.####.# .#
#@# #.# .# #.# #.#
.# #.# #.# .# #.#
#.. .### #.# ###
.... #.# .##. #(#
.# #.#


You could see Jessica (fast).

Vanquished Creatures
  A dart slug (D:1)
  9 endoplasms
  3 giant cockroaches (D:1)
  3 goblins
  3 hobgoblins
  3 jackals (D:3)
  A quokka (D:1)
  2 ball pythons (D:2)
  5 bats
  2 frilled lizards
  5 kobolds
  5 rats
42 creatures vanquished.

Notes
Turn   | Place    | Note
-------+----------+-------------------------------------------
     0 | D:1      | thirtiethelement the Demonspawn Gladiator began the quest
                  | for the Orb.
     0 | D:1      | Reached XP level 1. HP: 16/16 MP: 1/1
    66 | D:1      | Found Buonyiv's Assorted Antiques.
   253 | D:1      | Gained mutation: You have sharp fingernails. [demonic
                  | ancestry]
   253 | D:1      | Reached XP level 2. HP: 15/22 MP: 2/2
   563 | D:1      | Gained mutation: You are partially covered in large bone
                  | plates. (SH +4) [demonic ancestry]
   563 | D:1      | Reached XP level 3. HP: 23/27 MP: 3/3
  1551 | D:3      | Noticed Jessica
  1646 | D:3      | HP: 1/27 [Jessica/nerve-wracking pain (1)]
  1647 | D:3      | Slain by Jessica

Illustrated notes

Levels and vault maps discovered:
D:1:      dpeg_arrival_three_bigger_balls, layout_basic, serial_shops, shop,
          nicolae_figureground_sparkle
D:2:      layout_basic, chequers_serial_rivers_marsh, minmay_tromino_mix6
D:3:      layout_loops_ring, minivault_4, uniq_jessica

Skill      XL: |  1  2 |
---------------+-------+-----
Throwing       | 2 |  2.1
Axes           | 3 |  3.3
Dodging        | 3 |  3.2
Fighting       | |  2.2
Armour         | |  0.7

Action                     || total
---------------------------++-------
  Melee: War axe           ||   126
  Throw: Throwing net      ||     5
    Use: Scroll            ||     4
 Armour: Leather armour    ||    43
  Dodge: Dodged            ||    85
  Block: Other             ||    12

Table legend: (Time is in decaauts)
 A = Elapsed time spent in this place.
 B = Non-inter-level travel time spent in this place.
 C = Inter-level travel time spent in this place.
 D = Time resting spent in this place.
 E = Time spent auto-exploring this place.
 F = Levels seen in this place.
 G = Mean time per level.
                   A        B        C        D        E       F      G
               +--------+--------+--------+--------+--------+-----+--------+
         Total |   1695 |   1643 |     52 |      5 |   1272 |   3 |  565.0 |
       Dungeon |   1695 |   1643 |     52 |      5 |   1272 |   3 |  565.0 |
               +--------+--------+--------+--------+--------+-----+--------+

Top non-repeatable levels by time:
     D:1: 785 daAuts
     D:2: 745 daAuts
     D:3: 164 daAuts
